 Dungeon Crawl Stone Soup version 0.28-a0-537-g3bccd9ccbf (webtiles) character file.

Game seed: 9196199975786486991

63 meatgazer the Skirmisher (level 3, -1/45 HPs)
             Began as a Demonspawn Abyssal Knight on Sept 27, 2021.
             Was a Follower of Lugonu.
             Succumbed to an adder's poison
             ... on level 2 of the Dungeon.
             The game lasted 00:03:00 (2178 turns).

meatgazer the Skirmisher (DsAK)                     Turns: 2178, Time: 00:03:01

Health: -1/45      AC: 21    Str: 11 (14) XL:     3   Next: 89%
Magic:  5/5        EV:  2    Int:  9 (11) God:    Lugonu [*.....]
Gold:   106        SH:  0    Dex: 11 (13) Spells: 2/2 levels left

rFire   . . .      SeeInvis .   a - +3 falchion
rCold   . . .      Faith    .   (no shield)
rNeg    + + +      Spirit   .   (armour currently unavailable)
rPois   +          Reflect  .   (helmet currently unavailable)
rElec   .          Harm     .   (cloak currently unavailable)
rCorr   .          Rampage  .   (gloves currently unavailable)
Will    .....      NoTele   +   (boots currently unavailable)
Stlth   +.........              (no amulet)
HPRegen 0.15/turn               (no ring)
MPRegen 0.09/turn               (no ring)

@: lethally poisoned (-1 -> -7), tree-form
A: stationary, stasis, torment immunity, boosted hp, demonic guardian 1
a: Renounce Religion, Depart the Abyss


You were on level 2 of the Dungeon.
You worshipped Lugonu.
Lugonu was aware of your devotion.
You were a tree.
You visited 1 branch of the dungeon, and saw 2 of its levels.
You visited the Abyss 1 time.

You collected 106 gold pieces.

Inventory:

Hand Weapons
 a - a +3 falchion (weapon)
Armour
 b - a +0 leather armour (melded)
 d - a +0 buckler
 e - a +1 cloak (melded)
Scrolls
 f - a scroll of identify
Potions
 c - 2 potions of degeneration
 j - a potion of lignification


   Skills:
 + Level 3.6 Fighting
 + Level 2.1 Long Blades
 - Level 2.0 Armour
 - Level 1.0 Dodging
 + Level 0.8 Shields
 * Level 3.6 Invocations


You had 2 spell levels left.
You didn't know any spells.
Your spell library contained the following spells:

 Spells                   Type           Power      Damage    Failure   Level
 Magic Dart               Conj           0%         1d3       38%         1
 Call Imp                 Summ           0%         N/A       52%         2
 Gell's Gravitas          Tloc           0%         N/A       77%         3
 Lesser Beckoning         Tloc           0%         N/A       77%         3
 Mephitic Cloud           Conj/Pois/Air  0%         N/A       77%         3
 Teleport Other           Tloc           0%         N/A       77%         3
 Dispersal                Tloc           0%         N/A       100%        6


Dungeon Overview and Level Annotations

Branches:
Dungeon (2/15)

Altars:

Shops:
D:2 [[[


Innate Abilities, Weirdness & Mutations

You are a tree.
Your roots penetrate the ground, keeping you stationary.
You cannot be teleported.
You are immune to unholy pain and torment.
Your maximum health is greatly increased.
Your equipment is partially melded.
A weak demonic guardian rushes to your aid.


Message History

You are more poisoned.
The adder poisons you! The ball python barely misses you.
The ball python grabs you. The ball python constricts you.
The ball python's grasp on you weakens, but your attempt to escape fails.
You feel sick. The hobgoblin closely misses you.
The adder bites you but does no damage.
The ball python bites you but does no damage.
The ball python constricts you.
Your shadow imp gestures at the hobgoblin.
The hobgoblin writhes in agony!
The hobgoblin dies!
Lugonu accepts your kill.
You escape the ball python's grasp.
* * * LOW HITPOINT WARNING * * *
You feel sick.
There is a stone staircase leading down here.
You feel sick.
It was a potion of degeneration.
There was something very wrong with that liquid.
You feel weakened.
You feel dopey.
You feel clumsy.
You feel sick. The adder bites you but does no damage.
The adder completely misses you.
It was a potion of flight.
You feel very buoyant.
You fly up into the air.
You feel sick.
Your shadow imp closely misses the adder.
The adder bites you.
* * * LOW HITPOINT WARNING * * *
Really quaff the potion of lignification?
You turn into a tree.
Your +1 cloak melds into your body.
Your +0 leather armour melds into your body.
Your roots penetrate the ground.
* * * LOW HITPOINT WARNING * * *
You feel sick.
Your shadow imp misses the adder.
The adder bites you.
* * * LOW HITPOINT WARNING * * *
You are more poisoned.
The adder poisons you!
You hit the adder.
The adder is almost dead.
You die...

...).......####.##.##.#.#
#.#.#.#.#.....†##.##.#.#
..............##......#
#.#.#.#......#####.###
.............# #....
##.#.#.#.#.####.# #####
#......5S..# #.# #
##.#.#.#S### #.# ###♣#
#.# #.# .# #.# #.# #.#
#.. ###


You could see an adder (ally target), a ball python and a friendly shadow imp
(summoned).

Vanquished Creatures
  An adder (D:2)
  3 worms (D:2)
  A dart slug (D:2)
  6 bats
  4 endoplasms (D:1)
  A giant cockroach (D:1)
  3 goblins
  3 hobgoblins
  5 kobolds
  3 quokkas
  2 ball pythons
  4 frilled lizards
  3 rats
39 creatures vanquished.

Vanquished Creatures (collateral kills)
  A hobgoblin (D:2)
1 creature vanquished.

Grand Total: 40 creatures vanquished

Notes
Turn   | Place    | Note
-------+----------+-------------------------------------------
     0 | Abyss:1  | meatgazer the Demonspawn Abyssal Knight began the quest for
                  | the Orb.
     0 | Abyss:1  | Reached XP level 1. HP: 18/18 MP: 2/2
    51 | Abyss:1  | Noticed a harpy skeleton
    86 | Abyss:2  | Noticed a soul eater
    88 | D:1      | Escaped the Abyss
   457 | D:1      | Gained mutation: A weak demonic guardian rushes to your
                  | aid. [demonic ancestry]
   457 | D:1      | Reached XP level 2. HP: 24/24 MP: 3/3
   544 | D:1      | Found a faded altar of an unknown god.
   689 | D:1      | Reached skill level 1 in Dodging
   870 | D:1      | Reached * piety under Lugonu
  1451 | D:2      | Reached XP level 3. HP: 21/29 MP: 5/5
  1625 | D:2      | Found Pyz Teiw's Antique Armour Boutique.
  1661 | D:2      | Found Laan's Antique Armour Emporium.
  1739 | D:2      | Found Webuatemo's Antique Armour Emporium.
  2177 | D:2      | HP: 1/45 [adder (2)]
  2178 | D:2      | Succumbed to an adder's poison

Illustrated notes

Levels and vault maps discovered:
D:1:      saegor_arrival_simple_d, layout_loops_ring,
          dilly_ecumenical_altar_fadedgnrine
D:2:      minmay_evil_eye, layout_basic, serial_shops, nicolae_shop_stone, shop,
          nicolae_shop_temple_entry_statues_fountains, shop, st_stairs_9,
          minmay_pentomino_z4

Skill      XL: |  1  2 |
---------------+-------+-----
Armour         | 2 |  2.0
Dodging        | 1 |  1.0
Long Blades    | 2 |  2.1
Invocations    | 3 |  3.6
Fighting       | |  3.6
Shields        | |  0.8

Action                   || total
-------------------------++-------
Melee: Falchion          ||   128
Invok: Depart the Abyss  ||     1
  Use: Scroll            ||     8
       Potion            ||     3
 Stab: Sleeping          ||     1
Armor: Leather armour    ||    58
Dodge: Dodged            ||    67

Table legend: (Time is in decaauts)
 A = Elapsed time spent in this place.
 B = Non-inter-level travel time spent in this place.
 C = Inter-level travel time spent in this place.
 D = Time resting spent in this place.
 E = Time spent auto-exploring this place.
 F = Levels seen in this place.
 G = Mean time per level.
                   A        B        C        D        E       F      G
               +--------+--------+--------+--------+--------+-----+--------+
         Total |   2206 |   2148 |     58 |      0 |   1800 |   4 |  551.5 |
       Dungeon |   2116 |   2058 |     58 |      0 |   1743 |   2 | 1058.0 |
         Abyss |     90 |     90 |      0 |      0 |     56 |   2 |   45.0 |
               +--------+--------+--------+--------+--------+-----+--------+

Top non-repeatable levels by time:
     D:1: 1229 daAuts
     D:2: 887 daAuts
 Abyss:1: 60 daAuts
 Abyss:2: 29 daAuts
